 Dungeon Crawl Stone Soup version 0.28-a0-32-g8dfe7f97f6 (webtiles) character file.

Game seed: 14264151994675815178

2474 pokeman the Thaumaturge (level 9, -8/49 HPs)
             Began as a Deep Elf Hedge Wizard on July 27, 2021.
             Was a Follower of Vehumet.
             Mangled by a fire elemental (13 damage)
             ... summoned by a deep elf pyromancer
             ... on level 7 of the Dungeon.
             The game lasted 00:19:35 (8514 turns).

pokeman the Thaumaturge (Deep Elf Hedge Wizard)     Turns: 8514, Time: 00:19:36

Health: -8/49      AC:  5    Str:  7    XL:     9   Next: 26%
Magic:  7/26       EV: 12    Int: 23    God:    Vehumet [*.....]
Gold:   316        SH:  0    Dex: 14    Spells: 13/30 levels left

rFire   . . .      SeeInvis .   v - +9 short sword of Mixorust {vorpal, +Rage}
rCold   . . .      Faith    .   (no shield)
rNeg    . . .      Spirit   .   g - +0 leather armour
rPois   .          Reflect  .   h - +0 helmet
rElec   .          Harm     .   (no cloak)
rCorr   .          Rampage  .   (no gloves)
Will    .....                   s - +0 pair of boots
Stlth   ++........              (no amulet)
HPRegen 0.16/turn               d - ring of flight
MPRegen 0.20/turn               (no ring)

@: flying
A: no striking features
a: Renounce Religion, Evoke Berserk Rage


You were on level 7 of the Dungeon.
You worshipped Vehumet.
Vehumet was aware of your devotion.
You visited 1 branch of the dungeon, and saw 7 of its levels.

You collected 316 gold pieces.

Inventory:

Hand Weapons
 v - the +9 short sword of Mixorust (weapon) {vorpal, +Rage}
   (You found it on level 4 of the Dungeon)

   It inflicts extra damage upon your enemies.
   +Rage:     It lets you go berserk.
 A - a +0 shortbow
Missiles
 b - 112 arrows
 c - 94 bolts
 u - a throwing net
Armour
 g - a +0 leather armour (worn)
 h - a +0 helmet (worn)
 s - a +0 pair of boots (worn)
Jewellery
 d - a ring of flight (left hand)
 j - an amulet of guardian spirit
 y - a ring of ice
Wands
 o - a wand of iceblast (12)
Scrolls
 a - 2 scrolls of silence {unknown}
 f - 5 scrolls of identify {unknown}
 i - 5 scrolls of fear {unknown}
 k - a scroll of fog {unknown}
 q - a scroll of teleportation {unknown}
 r - a scroll of blinking {unknown}
 x - a scroll of enchant armour {unknown}
Potions
 e - 6 potions of heal wounds
 l - a potion of berserk rage {unknown}
 m - a potion of mutation {unknown}
 n - 2 potions of might {unknown}
 p - 2 potions of haste {unknown}
 t - 2 potions of magic {unknown}
 w - a potion of cancellation {unknown}
 z - 2 potions of curing {unknown}


   Skills:
 + Level 2.6 Fighting
 - Level 3.0 Armour
 - Level 3.0 Dodging
 - Level 3.0 Stealth
 * Level 11.1 Spellcasting
 + Level 6.0 Conjurations
 - Level 1.1 Summonings
 - Level 1.1 Translocations
 + Level 5.2 Fire Magic
 - Level 1.0 Air Magic
 - Level 1.0 Earth Magic
 - Level 1.0 Poison Magic
 - Level 1.1 Evocations


You had 13 spell levels left.
You knew the following spells:

 Your Spells              Type           Power      Damage    Failure   Level
a - Magic Dart            Conj           100%       1d8       1%          1
b - Mephitic Cloud        Conj/Pois/Air  25%        N/A       8%          3
c - Call Imp              Summ           17%        N/A       7%          2
d - Blink                 Tloc           N/A        N/A       7%          2
e - Conjure Flame         Conj/Fire      38%        6-21      2%          3
f - Foxfire               Conj/Fire      100%       2x1d9     1%          1
g - Bolt of Magma         Conj/Fire/Erth 15%        4d9       36%         5

Your spell library contained the following spells:

 Spells                   Type           Power      Damage    Failure   Level
 Ignite Poison            Fire/Tmut/Pois 22%        N/A       10%         3
 Slow                     Hex            12%        N/A       11%         2
 Ozocubu's Armour         Ice            12%        N/A       22%         3
 Ozocubu's Refrigeration  Ice            6%         4d6       100%        7


Dungeon Overview and Level Annotations

Branches:
Dungeon (7/15)             Temple (0/1) D:5

Altars:
Cheibriados
Makhleb
Vehumet
Yredelemnul

Shops:
D:4 =


Message History

You are covered in liquid flames!
The ufetubus is engulfed in noxious fumes.
The ufetubus appears confused.
You hit the ufetubus.
You kill the ufetubus!
Vehumet accepts your kill.
You are covered in liquid flames!
An orc comes into view. It is wielding a +0 flail.
The deep elf pyromancer is engulfed in noxious fumes.
The deep elf pyromancer casts a spell.
Casting: Mephitic Cloud (dangerous; 8% risk of failure)
Confirm with . or Enter, or press ? or * to list all spells.
Aiming: Mephitic Cloud (dangerous; 8% risk of failure)
Press: ? - help, Shift-Dir - straight line, f/p - deep elf pyromancer
Aim: a deep elf pyromancer, wielding a +0 short sword and wearing a +0 leather armour (lightly wounded, chance to affect: 58%)
The ball explodes into a vile cloud!
The stinking cloud engulfs the deep elf pyromancer but does no damage.
The deep elf pyromancer is lightly wounded.
You are covered in liquid flames!
You are no longer on fire.
You hear a roar!
You hear a shout!
Something shouts, "Begone, thou puny idle-headed apple-john!"
You hear a shout!
The deep elf pyromancer is engulfed in noxious fumes.
The deep elf pyromancer appears confused.
Unknown command.
The deep elf pyromancer is engulfed in noxious fumes.
The fire elemental hits you. The fire elemental burns you!
You hit the deep elf pyromancer.
The deep elf pyromancer is heavily wounded.
The fire elemental hits you. The fire elemental burns you!
* * * LOW HITPOINT WARNING * * *
The deep elf pyromancer is engulfed in blazing flames.
The deep elf pyromancer barely misses the fire elemental.
Unknown command.
Unknown command.
You hit the deep elf pyromancer.
The deep elf pyromancer is severely wounded.
The fire elemental hits you. The fire elemental burns you!
You die...

### #.###......#
.. #.#..<.....#
##.##.#.####...#
###..............#
.....##.#.#####..#
#####..........# #
......○........>..
######.○######.#..
#..°Ee@....#
#..###E###..#
#...# ..o☼. ...
##.# ###D### . ##
... #.# ... #)#


You could see a five-headed hydra, a deep elf pyromancer (confused), 2 fire
elementals and an orc.

Vanquished Creatures
  The ghost of miscthings the Magician, a novice DjCj of Makhleb (D:5)
  A shadow (D:5)
  A wyvern (D:7)
  A steam dragon (D:6)
  A vampire mosquito (D:7)
  A black bear (D:5)
  A necrophage (D:5)
  An ogre (D:6)
  2 centaurs
  A phantom (D:5)
  2 kobold brigands
  A gnoll sergeant (D:7)
  A scorpion (D:4)
  A water moccasin zombie (D:5)
  A wyvern skeleton (D:6)
  A water moccasin skeleton (D:5)
  3 orc priests
  A centaur skeleton (D:6)
  A hound (D:5)
  3 orc wizards
  2 bullfrog skeletons (D:5)
  An iguana (D:4)
  A scorpion zombie (D:4)
  A hound zombie (D:4)
  A hound skeleton (D:2)
  Robin (D:2)
  A howler monkey skeleton (D:6)
  10 gnolls
  5 adders
  2 ufetubi
  An adder skeleton (D:5)
  A worm (D:2)
  4 dart slugs
  18 orcs
  3 ball pythons (D:1)
  2 bats
  5 endoplasms
  3 giant cockroaches
  11 goblins
  9 hobgoblins
  8 jackals
  24 kobolds
  3 quokkas
  7 frilled lizards
  6 rats
156 creatures vanquished.

Vanquished Creatures (others)
  50 foxfires
50 creatures vanquished.

Grand Total: 206 creatures vanquished

Notes
Turn   | Place    | Note
-------+----------+-------------------------------------------
     0 | D:1      | pokeman the Deep Elf Hedge Wizard began the quest for the
                  | Orb.
     0 | D:1      | Reached XP level 1. HP: 10/10 MP: 7/7
   200 | D:1      | Reached XP level 2. HP: 15/15 MP: 4/9
   610 | D:1      | Reached skill level 5 in Spellcasting
   966 | D:1      | Reached XP level 3. HP: 20/20 MP: 8/11
   970 | D:1      | Learned a level 3 spell: Mephitic Cloud
   973 | D:1      | Learned a level 2 spell: Call Imp
   976 | D:1      | Learned a level 2 spell: Blink
   980 | D:1      | Learned a level 3 spell: Conjure Flame
  1048 | D:1      | Found a faded altar of an unknown god.
  1444 | D:1      | Reached skill level 1 in Armour
  1891 | D:2      | Reached skill level 1 in Fighting
  2191 | D:2      | Noticed Robin
  2223 | D:2      | Reached XP level 4. HP: 11/25 MP: 0/13
  2416 | D:2      | Killed Robin
  2975 | D:2      | Reached skill level 1 in Fire Magic
  2992 | D:2      | Reached skill level 6 in Spellcasting
  2992 | D:2      | Reached XP level 5. HP: 15/29 MP: 3/15
  3670 | D:3      | Reached skill level 1 in Air Magic
  4108 | D:3      | Learned a level 5 spell: Bolt of Magma
  4141 | D:3      | Reached XP level 6. HP: 34/34 MP: 13/17
  4579 | D:4      | Reached skill level 1 in Poison Magic
  4726 | D:4      | Reached skill level 7 in Spellcasting
  4726 | D:4      | Reached skill level 1 in Earth Magic
  4726 | D:4      | Reached skill level 1 in Evocations
  5028 | D:4      | Found a radiant altar of Vehumet.
  5031 | D:4      | Became a worshipper of Vehumet
  5076 | D:4      | Found a snail-covered altar of Cheibriados.
  5237 | D:4      | Identified the +9 short sword of Mixorust {vorpal, +Rage}
  5382 | D:4      | Found Ozxaen's Jewellery Shoppe.
  5662 | D:4      | Found a basalt altar of Yredelemnul.
  5786 | D:5      | Entered Level 5 of the Dungeon
  5805 | D:5      | Reached XP level 7. HP: 31/38 MP: 17/20
  6007 | D:5      | Reached skill level 8 in Spellcasting
  6139 | D:5      | Found a runed translucent door.
  6144 | D:5      | Noticed miscthings's ghost (novice DjCj)
  6563 | D:5      | Reached XP level 8. HP: 37/44 MP: 19/22
  6603 | D:5      | Reached skill level 9 in Spellcasting
  6861 | D:5      | Found a staircase to the Ecumenical Temple.
  7041 | D:5      | Killed miscthings's ghost
  7042 | D:5      | Reached skill level 10 in Spellcasting
  7042 | D:5      | Reached skill level 5 in Conjurations
  7465 | D:6      | Reached * piety under Vehumet
  7465 | D:6      | Offered knowledge of Foxfire by Vehumet.
  7468 | D:6      | Learned a level 1 spell: Foxfire
  7492 | D:6      | Reached XP level 9. HP: 33/48 MP: 22/25
  7858 | D:6      | Found a burning altar of Makhleb.
  8165 | D:7      | Noticed a komodo dragon
  8226 | D:7      | Noticed a five-headed hydra
  8227 | D:7      | Reached skill level 5 in Fire Magic
  8442 | D:7      | Reached skill level 11 in Spellcasting
  8498 | D:7      | Noticed a deep elf pyromancer
  8514 | D:7      | Mangled by a fire elemental

Illustrated notes

Levels and vault maps discovered:
D:1:      wheals_arrival_linesprint, layout_basic,
          chequers_ecumenical_altar_twisty, minmay_split_cup_large
D:2:      layout_loops_cross, kennysheep_cross_bottleneck, uniq_robin
D:3:      layout_loops_ring, minmay_misc_feat_more_columns, grunt_ministairs_9
D:4:      layout_basic, kennysheep_mini, mainiacjoe_overflow_catwalk,
          lemuel_zombie_altar_yredelemnul, serial_shops, kennysheep_mini_moat,
          hangedman_decor_push
D:5:      layout_basic, minmay_temple_entry_hall, ebering_ghost_reflecting_pool,
          kennysheep_generic_room_6
D:6:      layout_loops_ring, lightli_temple_of_fire
D:7:      minmay_the_grid_octo_2x2 [minmay_the_grid_octo_tetromino_candy,
          minmay_the_grid_octo_checkered, minmay_the_grid_octo_teeth,
          minmay_the_grid_octo_prize_square_snowflake], layout_basic,
          mainiacjoe_overflow_small_starburst

Skill      XL: |  1  2  3  4  5  6  7  8  9 |
---------------+----------------------------+-----
Spellcasting   | 5 6 7 8 10 11 | 11.1
Armour         | 1 3 |  3.0
Fighting       | 1 2 |  2.6
Conjurations   | 2 3 4 5 6 |  6.0
Fire Magic     | 1 3 4 5 |  5.2
Dodging        | 3 |  3.0
Air Magic      | 1 |  1.0
Stealth        | 3 |  3.0
Poison Magic   | 1 |  1.0
Earth Magic    | 1 |  1.0
Evocations     | 1 |  1.1
Summonings     | |  1.1
Translocations | |  1.1

Action                   |  1- 3 |  4- 6 |  7- 9 || total
-------------------------+-------+-------+-------++-------
Melee: Dagger            |    15 |     9 |       ||    24
       Club              |       |    47 |       ||    47
       Short sword       |       |    10 |    58 ||    68
 Cast: Magic Dart        |   117 |   114 |    64 ||   295
       Mephitic Cloud    |       |    11 |    16 ||    27
       Call Imp          |       |     2 |     3 ||     5
       Conjure Flame     |       |     2 |    14 ||    16
       Foxfire           |       |       |    31 ||    31
       Blink             |       |       |     1 ||     1
  Use: Potion            |       |       |     1 ||     1
 Stab: Sleeping          |     1 |       |       ||     1
       Confused          |       |     1 |     6 ||     7
Armor: Robe              |     2 |       |       ||     2
       Leather armour    |    12 |    12 |    27 ||    51
Dodge: Dodged            |    29 |    43 |    42 ||   114

Table legend: (Time is in decaauts)
 A = Elapsed time spent in this place.
 B = Non-inter-level travel time spent in this place.
 C = Inter-level travel time spent in this place.
 D = Time resting spent in this place.
 E = Time spent auto-exploring this place.
 F = Levels seen in this place.
 G = Mean time per level.
                   A        B        C        D        E       F      G
               +--------+--------+--------+--------+--------+-----+--------+
         Total |   8532 |   8334 |    198 |    408 |   6789 |   7 | 1218.9 |
       Dungeon |   8532 |   8334 |    198 |    408 |   6789 |   7 | 1218.9 |
               +--------+--------+--------+--------+--------+-----+--------+

Top non-repeatable levels by time:
     D:1: 1831 daAuts
     D:2: 1710 daAuts
     D:5: 1512 daAuts
     D:4: 1288 daAuts
     D:6: 1035 daAuts
     D:3: 967 daAuts
     D:7: 186 daAuts
